SAAA
ATHLETIC CLUB KC RESERVES @ ALLOWAY HALBERDS
05/29/2029
 
TOP OF THE 1ST
Athletic Club KC Reserves batting - Pitching for Alloway Halberds : LHP Gilberto Ramírez
Pitching: LHP Gilberto Ramírez
Batting: RHB Khal Drogo 0-0: Foul Ball, location: 2F
0-1: Swinging Strike
0-2: Ball
1-2: Strikes out swinging
Batting: RHB Tasuku Goto 0-0: Called Strike
0-1: DOUBLE (Flyball, 78D)
Batting: LHB Wu-shun Chu 0-0: Ball
1-0: Ball
2-0: DOUBLE (Flyball, 8LD)
Tasuku Goto scores
Batting: LHB Tsai Ng 0-0: Fly out, F8 (Line Drive, 8LS)
Batting: LHB Tony García 0-0: Ball
Wu-shun Chu steals 3rd base
1-0: Ball
2-0: SINGLE (Flyball, 89M)
Wu-shun Chu scores
Batting: RHB Dani Reyes 0-0: Ball
1-0: Called Strike
1-1: Foul Ball, location: 2F
1-2: Ball
2-2: Fly out, F8 (Flyball, 8LD)
Top of the 1st over - 2 runs, 3 hits, 0 errors, 1 left on base; Athletic Club KC 2 - Alloway 0
BOTTOM OF THE 1ST
Alloway Halberds batting - Pitching for Athletic Club KC Reserves : LHP Jesús Otero
Pitching: LHP Jesús Otero
Batting: RHB Phil Sherman 0-0: Foul Ball, location: 2F
0-1: Foul Ball, location: 2F
0-2: Foul Ball, location: 2F
0-2: Fly out, F8 (Flyball, 78D)
Batting: RHB Vito Middendorf 0-0: Called Strike
0-1: Ball
1-1: Ball
2-1: SINGLE (Line Drive, 34D)
Batting: RHB Jerry Yates 0-0: Ball
1-0: Called Strike
1-1: Foul Ball, location: 2F
1-2: Strikes out swinging
Batting: LHB Jesús Trevino 0-0: Called Strike
0-1: Ground out U3 (Groundball, 3S)
Bottom of the 1st over - 0 runs, 1 hit, 0 errors, 1 left on base; Athletic Club KC 2 - Alloway 0
TOP OF THE 2ND
Athletic Club KC Reserves batting - Pitching for Alloway Halberds : LHP Gilberto Ramírez
Batting: RHB Allen Williams 0-0: Ball
1-0: Ball
2-0: Ball
3-0: Called Strike
3-1: Foul Ball, location: 2F
3-2: Fly out, F8 (Flyball, 89M)
Batting: RHB Geoff Rivers 0-0: Called Strike
0-1: Ground out 4-3 (Groundball, 4M)
Batting: LHB Héctor Barrios 0-0: Ball
1-0: Ball
2-0: Called Strike
2-1: Foul Ball, location: 2F
2-2: Foul Ball, location: 2F
2-2: Ball
3-2: Foul Ball, location: 2F
3-2: Strikes out swinging
Top of the 2nd over - 0 runs, 0 hits, 0 errors, 0 left on base; Athletic Club KC 2 - Alloway 0
BOTTOM OF THE 2ND
Alloway Halberds batting - Pitching for Athletic Club KC Reserves : LHP Jesús Otero
Batting: RHB Juan Salinas 0-0: Called Strike
0-1: Ball
1-1: Called Strike
1-2: Ground out 5-3 (Groundball, 56S)
Batting: LHB Juan Caro 0-0: Called Strike
0-1: Foul Ball, location: 2F
0-2: Ball
1-2: Ground out 5-3 (Groundball, 5L)
Batting: RHB Jarred Morgan 0-0: Ball
1-0: Ball
2-0: Foul Ball, location: 2F
2-1: Fly out, F8 (Flyball, 8RD)
Bottom of the 2nd over - 0 runs, 0 hits, 0 errors, 0 left on base; Athletic Club KC 2 - Alloway 0
TOP OF THE 3RD
Athletic Club KC Reserves batting - Pitching for Alloway Halberds : LHP Gilberto Ramírez
Batting: RHB Khal Drogo 0-0: Called Strike
0-1: Ground out 6-3 (Groundball, 6M)
Batting: RHB Tasuku Goto 0-0: SINGLE (Groundball, 56D)
Batting: LHB Wu-shun Chu 0-0: Called Strike
0-1: Called Strike
0-2: Ball
Tasuku Goto steals 2nd base
1-2: Ball
2-2: Ball
3-2: Strikes out swinging
Batting: LHB Tsai Ng 0-0: Ball
1-0: Called Strike
1-1: Ground out 6-3 (Groundball, 6)
Top of the 3rd over - 0 runs, 1 hit, 0 errors, 1 left on base; Athletic Club KC 2 - Alloway 0
BOTTOM OF THE 3RD
Alloway Halberds batting - Pitching for Athletic Club KC Reserves : LHP Jesús Otero
Batting: LHB Ricardo Ríos 0-0: Called Strike
0-1: Ball
1-1: Ball
2-1: DOUBLE (Line Drive, 9LM)
Batting: RHB Rafael Delgado 0-0: Ball
1-0: Foul Ball, location: 2F
1-1: Ball
2-1: Ball
3-1: Called Strike
3-2: Ground out U3 (Groundball, 3L)
Ricardo Ríos to third
Batting: RHB Phil Sherman 0-0: TRIPLE (Flyball, 8RXD)
Ricardo Ríos scores
Batting: RHB Vito Middendorf 0-0: Called Strike
0-1: Swinging Strike
0-2: Ball
1-2: Foul Ball, location: 2F
1-2: Ball
2-2: Strikes out swinging
Batting: RHB Jerry Yates 0-0: Ball
1-0: Ball
2-0: SINGLE (Line Drive, 7S)
Phil Sherman scores
Batting: LHB Jesús Trevino 0-0: Called Strike
0-1: Foul Ball, location: 2F
0-2: Ball
1-2: Ground out 4-3 (Groundball, 4)
Bottom of the 3rd over - 2 runs, 3 hits, 0 errors, 1 left on base; Athletic Club KC 2 - Alloway 2
TOP OF THE 4TH
Athletic Club KC Reserves batting - Pitching for Alloway Halberds : LHP Gilberto Ramírez
Batting: LHB Tony García 0-0: Ball
1-0: Fly out, F9 (Flyball, 89M)
Batting: RHB Dani Reyes 0-0: Called Strike
0-1: Ball
1-1: Ball
2-1: Foul Ball, location: 2F
2-2: Ball
3-2: Foul Ball, location: 2F
3-2: Base on Balls
Batting: RHB Allen Williams 0-0: Called Strike
0-1: Ball
1-1: Foul Ball, location: 2F
1-2: Strikes out swinging
Batting: RHB Geoff Rivers 0-0: Ball
1-0: Called Strike
1-1: Fly out, F8 (Flyball, 8RD)
Top of the 4th over - 0 runs, 0 hits, 0 errors, 1 left on base; Athletic Club KC 2 - Alloway 2
BOTTOM OF THE 4TH
Alloway Halberds batting - Pitching for Athletic Club KC Reserves : LHP Jesús Otero
Batting: RHB Juan Salinas 0-0: Ball
1-0: Ball
2-0: Called Strike
2-1: Called Strike
2-2: Ball
3-2: Foul Ball, location: 2F
3-2: Base on Balls
Batting: LHB Juan Caro 0-0: Called Strike
0-1: Fly out, F8 (Flyball, 8LM)
Batting: RHB Jarred Morgan 0-0: Called Strike
0-1: Fly out, F9 (Flyball, 9S)
Batting: LHB Ricardo Ríos 0-0: Ground out 4-3 (Groundball, 4)
Bottom of the 4th over - 0 runs, 0 hits, 0 errors, 1 left on base; Athletic Club KC 2 - Alloway 2
TOP OF THE 5TH
Athletic Club KC Reserves batting - Pitching for Alloway Halberds : LHP Gilberto Ramírez
Batting: LHB Héctor Barrios 0-0: Ball
1-0: Foul Ball, location: 2F
1-1: Called Strike
1-2: Ball
2-2: Strikes out swinging
Batting: RHB Khal Drogo 0-0: Called Strike
0-1: Foul Ball, location: 2F
0-2: Foul Ball, location: 2F
0-2: Ball
1-2: Ball
2-2: Foul Ball, location: 2F
2-2: Foul Ball, location: 2F
2-2: Ground out 6-3 (Groundball, 6)
Batting: RHB Tasuku Goto 0-0: Fly out, F7 (Flyball, 7LMF)
Top of the 5th over - 0 runs, 0 hits, 0 errors, 0 left on base; Athletic Club KC 2 - Alloway 2
BOTTOM OF THE 5TH
Alloway Halberds batting - Pitching for Athletic Club KC Reserves : LHP Jesús Otero
Batting: RHB Rafael Delgado 0-0: Ball
1-0: Fly out, F7 (Flyball, 7)
Batting: RHB Phil Sherman 0-0: Foul Ball, location: 2F
0-1: SINGLE (Flyball, 7LM)
Batting: RHB Vito Middendorf 0-0: Called Strike
0-1: Ball
1-1: Foul Ball, location: 2F
1-2: Fly out, F8 (Line Drive, 78M)
Batting: RHB Jerry Yates 0-0: Ball
1-0: Called Strike
1-1: Ball
2-1: Ball
3-1: SINGLE (Line Drive, 78S)
Phil Sherman to second
Batting: LHB Jesús Trevino 0-0: Ball
1-0: Ball
2-0: Foul Ball, location: 2F
2-1: Foul Ball, location: 2F
2-2: Foul Ball, location: 2F
2-2: Foul Ball, location: 2F
2-2: Fly out, F7 (Line Drive, 7S)
Bottom of the 5th over - 0 runs, 2 hits, 0 errors, 2 left on base; Athletic Club KC 2 - Alloway 2
TOP OF THE 6TH
Athletic Club KC Reserves batting - Pitching for Alloway Halberds : LHP Gilberto Ramírez
Batting: LHB Wu-shun Chu 0-0: Ball
1-0: Foul Ball, location: 2F
1-1: Swinging Strike
1-2: SINGLE (Line Drive, 6MD)
Batting: LHB Tsai Ng 0-0: Ball
1-0: Called Strike
1-1: Called Strike
1-2: Ball
2-2: Ball
Wu-shun Chu steals 2nd base
3-2: Base on Balls
Batting: LHB Tony García 0-0: Ball
1-0: Foul Ball, location: 2F
1-1: Called Strike
1-2: SINGLE (Line Drive, 4MD)
Wu-shun Chu to third
Tsai Ng to second
Runner from 3rd tries for Home, SAFE, no throw
Batting: RHB Dani Reyes 0-0: Ball
1-0: Called Strike
Tsai Ng steals 3rd base
1-1: Ball
2-1: Foul Ball, location: 2F
2-2: Foul Ball, location: 2F
2-2: Ball
3-2: Fly out, F3 (Popup, 23F)
Batting: RHB Allen Williams 0-0: Ball
1-0: Called Strike
1-1: Ball
2-1: Called Strike
2-2: Ball
3-2: Base on Balls
Tony García to second
Batting: RHB Geoff Rivers 0-0: Foul Ball, location: 2F
0-1: Foul Ball, location: 2F
0-2: Ball
1-2: Strikes out swinging
Batting: LHB Héctor Barrios 0-0: Ball
1-0: Swinging Strike
1-1: Ball
2-1: Swinging Strike
2-2: SINGLE (Groundball, 23) (infield hit)
Tsai Ng scores
Tony García to third
Allen Williams to second
Pitching: RHP Akihiko Rin
Batting: RHB Khal Drogo 0-0: Ball
1-0: Ball
2-0: Called Strike
2-1: Foul Ball, location: 2F
2-2: Strikes out swinging
Top of the 6th over - 2 runs, 3 hits, 0 errors, 3 left on base; Athletic Club KC 4 - Alloway 2
BOTTOM OF THE 6TH
Alloway Halberds batting - Pitching for Athletic Club KC Reserves : LHP Jesús Otero
Batting: RHB Juan Salinas 0-0: Ball
1-0: Ball
2-0: Ball
3-0: Called Strike
3-1: Foul Ball, location: 2F
3-2: Base on Balls
Pitching: RHP Rafael Valadez
Batting: LHB Juan Caro 0-0: Ball
Juan Salinas steals 2nd base
1-0: Fly out, F4 (Line Drive, 4)
Batting: RHB Jarred Morgan 0-0: Ball
1-0: Called Strike
1-1: SINGLE (Groundball, 34D)
Juan Salinas to third
Runner from 3rd tries for Home, SAFE, no throw
Batting: LHB Ricardo Ríos 0-0: Foul Ball, location: 2F
0-1: Ball
1-1: Ball
2-1: Ball
3-1: Fielders Choice at 2nd, 4-6 (Groundball, 4)
Batting: RHB Rafael Delgado 0-0: Foul Ball, location: 2F
0-1: Fielders Choice at 2nd, 6-4 (Groundball, 6)
Bottom of the 6th over - 1 run, 1 hit, 0 errors, 1 left on base; Athletic Club KC 4 - Alloway 3
TOP OF THE 7TH
Athletic Club KC Reserves batting - Pitching for Alloway Halberds : RHP Akihiko Rin
Batting: RHB Tasuku Goto 0-0: Foul Ball, location: 2F
0-1: Fly out, F7 (Line Drive, 78M)
Batting: LHB Wu-shun Chu 0-0: Called Strike
0-1: Called Strike
0-2: Ball
1-2: Foul Ball, location: 2F
1-2: Ball
2-2: Foul Ball, location: 2F
2-2: Foul Ball, location: 2F
2-2: Foul Ball, location: 2F
2-2: Ball
3-2: Strikes out swinging
Batting: LHB Tsai Ng 0-0: Ball
1-0: Ball
2-0: Ball
3-0: Base on Balls
Batting: LHB Tony García 0-0: Ball
1-0: Ball
2-0: SINGLE (Groundball, 4MD)
Tsai Ng to second
Throwing error, E8
Tsai Ng scores
Tony García to second
Batting: RHB Dani Reyes 0-0: Ball
1-0: Fly out, F4 (Popup, 34S)
Top of the 7th over - 1 run, 1 hit, 1 error, 1 left on base; Athletic Club KC 5 - Alloway 3
BOTTOM OF THE 7TH
Alloway Halberds batting - Pitching for Athletic Club KC Reserves : RHP Rafael Valadez
Batting: RHB Phil Sherman 0-0: Ball
1-0: SINGLE (Groundball, 34D)
Batting: RHB Vito Middendorf 0-0: Foul Ball, location: 2F
0-1: Foul Ball, location: 2F
0-2: Ball
1-2: Foul Ball, location: 2F
1-2: Strikes out swinging
Batting: RHB Jerry Yates 0-0: Foul Ball, location: 2F
0-1: Called Strike
0-2: Ball
1-2: Foul Ball, location: 2F
1-2: Foul Ball, location: 2F
1-2: Ball
2-2: Foul Ball, location: 2F
2-2: Foul Ball, location: 2F
2-2: Ball
3-2: Fly out, F3 (Popup, 3SF)
Batting: LHB Jesús Trevino 0-0: Swinging Strike
0-1: Ball
1-1: Foul Ball, location: 2F
1-2: Fielders Choice at 2nd, 6-4 (Groundball, 6D)
Bottom of the 7th over - 0 runs, 1 hit, 0 errors, 1 left on base; Athletic Club KC 5 - Alloway 3
TOP OF THE 8TH
Athletic Club KC Reserves batting - Pitching for Alloway Halberds : RHP Akihiko Rin
Batting: RHB Allen Williams 0-0: Called Strike
0-1: Swinging Strike
0-2: Foul Ball, location: 2F
0-2: Ball
1-2: Foul Ball, location: 2F
1-2: Strikes out swinging
Batting: RHB Geoff Rivers 0-0: Swinging Strike
0-1: Called Strike
0-2: Strikes out looking
Batting: LHB Héctor Barrios 0-0: Foul Ball, location: 2F
0-1: Foul Ball, location: 2F
0-2: Ball
1-2: Foul Ball, location: 2F
1-2: Ball
2-2: Strikes out looking
Top of the 8th over - 0 runs, 0 hits, 0 errors, 0 left on base; Athletic Club KC 5 - Alloway 3
BOTTOM OF THE 8TH
Alloway Halberds batting - Pitching for Athletic Club KC Reserves : RHP Rafael Valadez
Batting: RHB Juan Salinas 0-0: Ball
1-0: Foul Ball, location: 2F
1-1: Called Strike
1-2: Ball
2-2: Foul Ball, location: 2F
2-2: Ball
3-2: Base on Balls
Batting: LHB Juan Caro 0-0: Foul Ball, location: 2F
0-1: Swinging Strike
0-2: Foul Ball, location: 2F
0-2: Strikes out swinging
Batting: RHB Jarred Morgan 0-0: Fielders Choice at 2nd, 6-4 (Groundball, 6)
Now at 2B: Tony Osorio
Batting: LHB Ricardo Ríos 0-0: Called Strike
0-1: Fly out, F8 (Flyball, 8LD)
Bottom of the 8th over - 0 runs, 0 hits, 0 errors, 1 left on base; Athletic Club KC 5 - Alloway 3
TOP OF THE 9TH
Athletic Club KC Reserves batting - Pitching for Alloway Halberds : RHP Akihiko Rin
Batting: RHB Khal Drogo 0-0: Ground out 4-3 (Groundball, 4)
Batting: RHB Tasuku Goto 0-0: Ball
1-0: Ball
2-0: Ball
3-0: Called Strike
3-1: Foul Ball, location: 2F
3-2: Ground out 6-3 (Groundball, 6)
Batting: LHB Wu-shun Chu 0-0: Ball
1-0: SINGLE (Groundball, 6D)
Pitching: RHP Francisco Castillo
Batting: LHB Tsai Ng 0-0: Ball
1-0: Called Strike
Wu-shun Chu steals 2nd base
1-1: Foul Ball, location: 2F
1-2: Ball
2-2: Foul Ball, location: 2F
2-2: Fly out, F9 (Flyball, 9S)
Top of the 9th over - 0 runs, 1 hit, 0 errors, 1 left on base; Athletic Club KC 5 - Alloway 3
BOTTOM OF THE 9TH
Alloway Halberds batting - Pitching for Athletic Club KC Reserves : RHP Rafael Valadez
Pitching: RHP Alfonso Álvarez
Batting: RHB Rafael Delgado 0-0: Ball
1-0: SINGLE (Groundball, 4MD)
Batting: RHB Phil Sherman 0-0: Ball
1-0: Called Strike
1-1: Ball
2-1: Fly out, F9 (Flyball, 9S)
Pinch Hitting: LHB José Zarate 0-0: Ball
1-0: Ball
2-0: Called Strike
2-1: Called Strike
2-2: Fielders Choice at 2nd, 3-6 (Groundball, 3)
Batting: RHB Jerry Yates 0-0: Ground out 6-3 (Groundball, 6S)
Bottom of the 9th over - 0 runs, 1 hit, 0 errors, 1 left on base; Athletic Club KC 5 - Alloway 3
Tuesday, December 19th, 2017 - OOTP Baseball 18.8 Build 76